 Dungeon Crawl Stone Soup version 0.31-a0-960-g0fca184906 (webtiles) character file.

Game seed: 5514920291115662675

379 CowFu the Spear-Bearer (level 6, -3/51 HPs)
             Began as a Minotaur Monk on Oct 24, 2023.
             Slain by a yak (8 damage)
             ... on level 4 of the Dungeon.
             The game lasted 00:02:09 (2721 turns).

CowFu the Spear-Bearer (Minotaur Monk)              Turns: 2721, Time: 00:02:10

Health: -3/51      AC: 10    Str: 17    XL:     6   Next: 45%
Magic:  5/5        EV:  5    Int:  7    God:
Gold:   188        SH:  0    Dex: 13    Spells: 5/5 levels left

rFire   . . .        a - +0 spear
rCold   . . .        d - orb {light}
rNeg    . . .        m - +0 plate armour
rPois   .            (helmet restricted)
rElec   .            (no cloak)
rCorr   +            (no gloves)
SInv    .            (no boots)
Will    .....        (no amulet) Stlth
                     l - ring of resist corrosion
HPRegen 0.28/turn    (no ring)
MPRegen 0.09/turn

%: no passive effects
@: glowing
A: horns 2, retaliatory headbutt
a: no special abilities


You were on level 4 of the Dungeon.
You visited 1 branch of the dungeon, and saw 4 of its levels.

You collected 188 gold pieces.

Inventory:

Hand Weapons
 a - a +0 spear (weapon)
Missiles
 v - 2 silver javelins
Armour
 d - an orb of light (worn)
 m - a +0 plate armour (worn)
Jewellery
 l - a ring of resist corrosion (left hand)
 o - an amulet of magic regeneration
 r - a +5 ring of evasion
Scrolls
 f - a scroll of revelation {unknown}
 g - 3 scrolls of identify {unknown}
 h - a scroll of blinking {unknown}
 p - 4 scrolls of enchant weapon {unknown}
 q - a scroll of noise {unknown}
 s - a scroll of enchant armour {unknown}
Potions
 b - 3 potions of heal wounds {unknown}
 c - a potion of ambrosia
 e - 2 potions of enlightenment {unknown}
 i - a potion of invisibility {unknown}
 j - 2 potions of lignification {unknown}
 k - a potion of magic {unknown}
 n - 2 potions of curing {unknown}
 t - a potion of might {unknown}
 u - a potion of berserk rage {unknown}


   Skills:
 - Level 3.6 Fighting
 + Level 8.9 Polearms
 - Level 3.2 Dodging


You had 5 spell levels left.
You didn't know any spells.
Your spell library contained the following spells:

 Spells                   Type           Power      Damage    Failure   Level
 Cigotuvi's Dreadful Rot  Necr/Pois/Air  0%         N/A       100%        2
 Dispel Undead            Necr           0%         3d6       100%        4
 Death Channel            Necr           0%         N/A       100%        6


Dungeon Overview and Level Annotations

Branches:
Dungeon (4/15)
 Temple: D:4-7

Altars:
Nemelex Xobeh
Sif Muna


Innate Abilities, Weirdness & Mutations

You have a pair of horns on your head.
You reflexively headbutt those who attack you in melee.


Message History

You hit the yak.
The yak is moderately wounded.
The yak gores you.
A yak comes into view.
The yak bellows!
You hit the yak.
The yak is heavily wounded.
The yak gores you! The yak gores you.
A yak comes into view.
You completely miss the yak. You headbutt the yak.
The yak is heavily wounded.
You hit the yak. You headbutt the yak, but do no damage.
The yak is severely wounded.
The yak gores you. The yak completely misses you.
The yak bellows!
You hit the yak. You headbutt the yak.
The yak is almost dead.
The yak gores you. The yak gores you!
* * * LOW HITPOINT WARNING * * *
You are too injured to fight recklessly!
You are too injured to fight recklessly!
You are too injured to fight recklessly!
You are too injured to fight recklessly!
You are too injured to fight recklessly!
You are too injured to fight recklessly!
You are too injured to fight recklessly!
You are too injured to fight recklessly!
You are too injured to fight recklessly!
You are too injured to fight recklessly!
You are too injured to fight recklessly!
You are too injured to fight recklessly!
You are too injured to fight recklessly!
You are too injured to fight recklessly!
You are too injured to fight recklessly!
You are too injured to fight recklessly!
The yak attacks as it pursues you! The yak gores you but does no damage.
The yak attacks as it pursues you! The yak gores you.
* * * LOW HITPOINT WARNING * * *
The yak attacks as it pursues you! The yak gores you!
You die...

#####.###..... #.# ###### ######
#.# ### #..... #.## ..# #.....##
#..# ..# #......# ##.###..#
#......# #.†)...# #......##
###....## #.........######@.####
#.....# #....g....#...YY.....#
#...#.# #.YY......#.Y..Y....)#
#...... #.........#..........#
##†.#..# #...........Y........#
#..##... #.........#..........##
#..# .#.
#..g....##.......).†.####.###.#.
#<.....##......................
######.##............#......##.


You could see 5 yaks.

Vanquished Creatures
  Grinder (D:3)
  2 hounds
  An iguana (D:4)
  2 adders
  A worm (D:2)
  5 dart slugs
  2 orcs (D:3)
  6 ball pythons
  5 bats
  5 endoplasms
  2 giant cockroaches
  5 goblins
  8 hobgoblins
  4 jackals (D:4)
  8 kobolds
  4 quokkas
  3 frilled lizards
  4 rats
68 creatures vanquished.

Notes
Turn   | Place    | Note
-------+----------+-------------------------------------------
     0 | D:1      | CowFu the Minotaur Monk began the quest for the Orb.
     0 | D:1      | Reached XP level 1. HP: 19/19 MP: 0/0
    70 | D:1      | Reached skill level 4 in Polearms
   273 | D:1      | Reached XP level 2. HP: 26/26 MP: 1/1
   500 | D:1      | Reached skill level 5 in Polearms
   575 | D:1      | Reached XP level 3. HP: 31/31 MP: 2/2
   941 | D:2      | Found a shimmering blue altar of Sif Muna.
  1210 | D:2      | Reached skill level 6 in Polearms
  1210 | D:2      | Reached XP level 4. HP: 39/39 MP: 3/3
  1412 | D:2      | Identified the +3 leather armour "Nolo Biss" {rF+}
  1990 | D:3      | Noticed Grinder
  2002 | D:3      | Paralysed by Grinder for 5 turns
  2019 | D:3      | Killed Grinder
  2020 | D:3      | Reached skill level 8 in Polearms
  2020 | D:3      | Reached XP level 5. HP: 20/45 MP: 4/4
  2020 | D:3      | Reached XP level 6. HP: 23/51 MP: 5/5
  2523 | D:4      | Noticed a yak
  2523 | D:4      | Noticed a yak
  2586 | D:4      | Found a sparkling altar of Nemelex Xobeh.
  2709 | D:4      | Noticed a yak
  2714 | D:4      | Noticed a yak
  2715 | D:4      | Noticed a yak
  2721 | D:4      | Slain by a yak

Illustrated notes

Levels and vault maps discovered:
D:1:      tarquinn_simple_flora_water_d, layout_loops_corners, minmay_distorted
D:2:      layout_loops_ring, basic_altar, hangedman_decor_peaks_small
D:3:      layout_loops_ring, uniq_grinder
D:4:      layout_rooms, overflow_temple_1_default, lemuel_crystal_altar,
          ebering_ghost_sewer_f, minmay_fire_ice_demons, uniq_eustachio,
          uniq_robin, uniq_crazy_yiuf_cottage

Skill      XL: |  1  2  3  4 |
---------------+-------------+-----
Polearms       | 4 5 6 8 |  8.9
Fighting       | |  3.6
Dodging        | |  3.2

Action                     |  1- 3 |  4- 6 || total
---------------------------+-------+-------++-------
  Melee: Spear             |    78 |   123 ||   201
         Headbutt          |    10 |    19 ||    29
    Use: Potion            |       |     1 ||     1
 Armour: Robe              |    26 |       ||    26
         Plate armour      |    10 |    53 ||    63
  Dodge: Dodged            |    34 |    12 ||    46

Table legend: (Time is in decaauts)
 A = Elapsed time spent in this place.
 B = Non-inter-level travel time spent in this place.
 C = Inter-level travel time spent in this place.
 D = Time resting spent in this place.
 E = Time spent auto-exploring this place.
 F = Levels seen in this place.
 G = Mean time per level.
                   A        B        C        D        E       F      G
               +--------+--------+--------+--------+--------+-----+--------+
         Total |   2675 |   2616 |     59 |      0 |   2196 |   4 |  668.8 |
       Dungeon |   2675 |   2616 |     59 |      0 |   2196 |   4 |  668.8 |
               +--------+--------+--------+--------+--------+-----+--------+

Top non-repeatable levels by time:
     D:1: 934 daAuts
     D:3: 889 daAuts
     D:2: 707 daAuts
     D:4: 144 daAuts
